AoeStats
← tom

Enclosed

504087655Analyzed
1v1 RM · 29d ago on Sep 3, 2026· 38m 11s· 2 players
Game mode
Random Map
Map size
Tiny (2 player)
Population
200
Speed
Normal
Resources
Standard
Victory
Conquest
Starting age
Dark Age
Ending age
Imperial Age
RankedLock teamsTeams togetherTeam positionsShared explorationLock speedFull tech treeHidden civsTurbo modeCheats
Victory
Defeat
🇷🇴 Malay · Romania
674
+18
🇱🇻 Japanese · Latvia
724
-18
lenasboss
12:08 Loom
13:56 Feudal Age
15:46 Wheelbarrow
15:03 Double-Bit Axe
15:21 Town Watch
16:14 Fletching
16:32 Horse Collar
18:41 Stone Mining
20:08 Gold Mining
24:46 Castle Age
25:14 Squires
26:59 Forging
28:41 Iron Casting
28:48 Arson
33:56 Bodkin Arrow
35:05 Gold Shaft Mining
tom
6:55 Loom
9:39 Feudal Age
9:40 Man-at-Arms
11:57 Arson
14:26 Scale Mail Armor
14:45 Fletching
18:40 Double-Bit Axe
19:10 Forging
19:01 Padded Archer Armor
19:37 Town Watch
23:29 Wheelbarrow
25:09 Gold Mining
25:11 Stone Mining
25:30 Town Watch
30:48 Castle Age
31:19 Gambesons
31:40 Squires
31:15 Long Swordsman
31:21 Crossbowman
32:09 Thumb Ring
32:59 Bodkin Arrow
35:25 Iron Casting
35:09 Chain Mail Armor
35:48 Bow Saw
37:26 Leather Archer Armor
Connection lost

Rejoining the realm…

Still unreachable

The connection could not be restored.

Session expired

The server has moved on; the page needs a fresh start.